 Dungeon Crawl Stone Soup version 0.25.1-8-g42b30a86e7 (webtiles) character file.

Game seed: 16255378784151041251

32 gruber the Chiller (level 3, 14/24 HPs)
             Began as a Demonspawn Ice Elementalist on Dec 21, 2020.
             Quit the game on level 2 of the Dungeon.
             The game lasted 00:00:59 (1725 turns).

gruber the Chiller (Demonspawn Ice Elementalist)    Turns: 1725, Time: 00:00:59

Health: 14/24      AC:  2    Str:  8    XL:     3   Next: 10%
Magic:  2/6        EV: 12    Int: 17    God:
Gold:   66         SH:  0    Dex: 13    Spells: 5/6 levels left

rFire    . . .     SeeInvis .   h - +0 short sword
rCold    . . .     Gourm    .   (no shield)
rNeg     . . .     Faith    .   a - +0 robe
rPois    .         Spirit   .   (helmet restricted)
rElec    .         Reflect  .   (no cloak)
rCorr    .         Harm     .   (no gloves)
MR       .....                  (no boots)
Stlth    +++.......             (no amulet)
HPRegen  0.08/turn              (no ring)
MPRegen  0.10/turn              (no ring)

@: no status effects
A: antennae 1, nightstalker 1
a: no special abilities


You were on level 2 of the Dungeon.
You were not hungry.

You visited 1 branch of the dungeon, and saw 2 of its levels.

You collected 66 gold pieces.

Inventory:

Hand Weapons
 h - a +0 short sword (weapon)
Armour
 a - a +0 robe (worn)
Scrolls
 d - 3 scrolls of identify {unknown}
 g - a scroll of teleportation {unknown}
 i - a scroll of remove curse {unknown}
Potions
 b - a potion of cancellation {unknown}
 e - 2 potions of flight {unknown}
 f - a potion of lignification {unknown}
Comestibles
 c - 3 rations


   Skills:
 - Level 1.7 Dodging
 - Level 1.7 Stealth
 + Level 2.2 Spellcasting
 * Level 4.4 Ice Magic


You had 5 spell levels left.
You knew the following spells:

 Your Spells              Type           Power        Failure   Level  Hunger
a - Freeze                Ice            ###.         3%          1    #......

Your spell library contained the following spells:

 Spells                   Type           Power        Failure   Level  Hunger
 Frozen Ramparts          Ice            ###...       9%          3    ###....
 Ozocubu's Armour         Chrm/Ice       #.......     22%         3    ###....
 Hailstorm                Conj/Ice       #.......     58%         4    #####..
 Summon Ice Beast         Ice/Summ       #.......     58%         4    #####..


Dungeon Overview and Level Annotations

Branches:
Dungeon (2/15)

Altars:


Innate Abilities, Weirdness & Mutations

You have a pair of small antennae on your head.
You are slightly more attuned to the shadows.


Message History

A jackal is nearby!
A jackal is nearby!
A jackal is nearby!
You see here a jackal corpse.
Unknown command.
Casting: Freeze (safe; 3% risk of failure)
Confirm with . or Enter, or press ? or * to list all spells.
Aiming: Freeze (safe; 3% risk of failure)
Press: ? - help, Shift-Dir - straight line, f - jackal
Aim: a jackal (wandering, hasn't noticed you)
You freeze the jackal!
You kill the jackal!
Casting: Freeze (safe; 3% risk of failure)
Confirm with . or Enter, or press ? or * to list all spells.
You can't see any susceptible monsters within range! (Use Z to cast anyway.)
Casting: Freeze (safe; 3% risk of failure)
Confirm with . or Enter, or press ? or * to list all spells.
You can't see any susceptible monsters within range! (Use Z to cast anyway.) Unknown command.
Are you sure you want to abandon this character and quit the game? (Confirm with "yes".)

# #'# #.#
#.##.#######.#
#............#
....#.#########
## #...# ###.#
#.# #†#
###@########
#...........
#.......###
#........####
#............
#............
#............
#........####
#........#


There were no monsters in sight!

Vanquished Creatures
  6 bats (D:1)
  A giant cockroach (D:1)
  3 goblins (D:1)
  2 hobgoblins (D:1)
  7 jackals (D:2)
  2 frilled lizards (D:1)
  4 kobolds
  2 rats (D:1)
27 creatures vanquished.

Notes
Turn   | Place    | Note
-------+----------+-------------------------------------------
     0 | D:1      | gruber the Demonspawn Ice Elementalist began the quest for
                  | the Orb.
     0 | D:1      | Reached XP level 1. HP: 13/13 MP: 3/3
   326 | D:1      | Reached skill level 4 in Ice Magic
   492 | D:1      | Gained mutation: You are slightly more attuned to the
                  | shadows. [demonic ancestry]
   492 | D:1      | Reached XP level 2. HP: 17/19 MP: 5/5
  1714 | D:2      | Gained mutation: You have a pair of small antennae on your
                  | head. [demonic ancestry]
  1714 | D:2      | Reached XP level 3. HP: 13/24 MP: 4/6
  1725 | D:2      | Quit the game

Illustrated notes

Levels and vault maps discovered:
D:1:      shiori_arrival_maze, layout_basic
D:2:      layout_basic, first_ration, minmay_misc_feat_ornament

Skill      XL: |  1 |
---------------+----+-----
Ice Magic      | 4 |  4.4
Dodging        | |  1.7
Stealth        | |  1.7
Spellcasting   | |  2.2

Action                   || total
-------------------------++-------
Melee: Unarmed           ||     5
       Short sword       ||    58
 Cast: Freeze            ||    22
  Eat: Chunk             ||     3
Armor: Robe              ||    17
Dodge: Dodged            ||    69
